 Dungeon Crawl Stone Soup version 0.28.0-43-g3370ac3207 (webtiles) character file.

Game seed: 15694599343487569509

25251 crimpus the Sharpshooter (level 12, -12/115 HPs)
             Began as a Minotaur Hunter on Mar 26, 2022.
             Was the Champion of Okawaru.
             Mangled by a vault guard
             ... wielding a +0 great mace
              (29 damage)
             ... on level 13 of the Dungeon on Mar 27, 2022.
             The game lasted 00:32:15 (17091 turns).

crimpus the Sharpshooter (Minotaur Hunter)         Turns: 17091, Time: 00:32:16

Health: -12/115    AC: 11    Str: 20    XL:     12   Next: 87%
Magic:  12/12      EV: 17    Int:  9    God:    Okawaru [******]
Gold:   709        SH:  5    Dex: 18    Spells: 11/11 levels left

rFire   . . .      SeeInvis +   j - +7 triple crossbow (venom)
rCold   . . .      Faith    .   (shield currently unavailable)
rNeg    . . .      Spirit   .   c - +0 leather armour
rPois   .          Reflect  +   A - +2 hat
rElec   .          Harm     .   n - +1 cloak
rCorr   .          Rampage  .   v - +0 pair of gloves {Str+3}
Will    .....                   G - +0 pair of boots
Stlth   +++.......              s - amulet of reflection
HPRegen 0.29/turn               o - +4 ring of slaying
MPRegen 0.13/turn               b - ring of the Octopus King {AC+1 EV+1 Str+1 Int+1 Dex+1 SInv}

@: no status effects
A: horns 2, retaliatory headbutt
a: Renounce Religion, Heroism, Finesse, Duel


You were on level 13 of the Dungeon.
You worshipped Okawaru.
Okawaru was exalted by your worship.
You visited 1 branch of the dungeon, and saw 13 of its levels.

You collected 956 gold pieces.
You spent 247 gold pieces at shops.

Inventory:

Hand Weapons
 a - a +2 hand crossbow of flaming
 j - a +7 triple crossbow of venom (weapon)
 D - the +5 arbalest of Eternal Vigilance {vorpal, Stlth+}
   (You bought it in a shop on level 6 of the Dungeon)

   Any ammunition fired from it inflicts extra damage upon your enemies.
   Stlth:     It makes you more stealthy.
Missiles
 d - 329 bolts (quivered ammo)
 h - a throwing net
Armour
 c - a +0 leather armour (worn)
 n - a +1 cloak (worn)
 v - a +0 pair of gloves of strength (worn)
 A - a +2 hat (worn)
 G - a +0 pair of boots (worn)
Jewellery
 b - a ring of the Octopus King (right hand) {AC+1 EV+1 Str+1 Int+1 Dex+1 SInv}
   (You took it off an orc wizard on level 10 of the Dungeon)

   [ring of see invisible]

   AC:        It affects your AC (+1).
   EV:        It affects your evasion (+1).
   Str:       It affects your strength (+1).
   Int:       It affects your intelligence (+1).
   Dex:       It affects your dexterity (+1).
   SInv:      It lets you see invisible.
 o - a +4 ring of slaying (left hand)
 r - a ring of positive energy
 s - an amulet of reflection (around neck)
 u - an amulet of guardian spirit
Wands
 k - a wand of mindburst (12)
 t - a wand of digging (5)
 y - a wand of iceblast (18)
 B - a wand of paralysis (7)
 H - a wand of acid (7)
Scrolls
 f - a scroll of fog
 i - a scroll of brand weapon
 x - 2 scrolls of identify
 E - a scroll of enchant armour
 F - a scroll of amnesia
Potions
 e - 2 potions of cancellation
 g - 4 potions of degeneration
 l - 7 potions of mutation
 m - 3 potions of flight
 p - a potion of curing
 q - a potion of brilliance
 w - 16 potions of ambrosia
 z - a potion of magic


   Skills:
 * Level 13.3 Fighting
 * Level 17.6 Crossbows
 * Level 6.0 Armour
 * Level 7.7 Dodging
 * Level 3.9 Stealth
 * Level 3.3 Shields
 * Level 2.2 Invocations


You had 11 spell levels left.
You didn't know any spells.
Your spell library contained the following spells:

 Spells                   Type           Power      Damage    Failure   Level
 Magic Dart               Conj           0%         1d3       43%         1
 Pain                     Necr           0%         1d4       43%         1
 Mephitic Cloud           Conj/Pois/Air  0%         N/A       80%         3
 Fulminant Prism          Conj/Hex       0%         3d6       99%         4
 Iskenderun's Mystic Bla  Conj/Tloc      0%         2d3       99%         4
 Agony                    Necr           0%         N/A       100%        5
 Borgnjor's Vile Clutch   Necr/Erth      0%         N/A       100%        5
 Excruciating Wounds      Necr           0%         N/A       100%        5
 Freezing Cloud           Conj/Ice/Air   0%         6-21      100%        5
 Lee's Rapid Deconstruct  Erth           0%         3d5*      100%        5
 Polar Vortex             Ice            0%         N/A       100%        9
 Call Imp                 Summ           Unusable   N/A       N/A         2
 Animate Dead             Necr           Unusable   N/A       N/A         4
 Death Channel            Necr           Unusable   N/A       N/A         6
 Simulacrum               Ice/Necr       Unusable   N/A       N/A         6

Dungeon Overview and Level Annotations

Branches:
Dungeon (13/15)            Temple (0/1) D:5            Lair (0/6) D:10
    Orc (0/2) D:11         Vaults (0/5) D:13

Altars:
Ashenzari
Kikubaaqudgha
Makhleb
Nemelex Xobeh
Okawaru
Qazlal
Ru
Trog
Xom
Zin
The Shining One

Shops:
D:5 :   D:6 (:(   D:7 *

Portals:
Trove: D:10 (give 12 potions of heal wounds)

Annotations:
D:12 3 runed translucent doors, issech's ghost, journeyman TrMo


Innate Abilities, Weirdness & Mutations

You have a pair of horns on your head.
You reflexively headbutt those who attack you in melee.


Message History

The efreet gestures at you. The bolt of fire hits you!
* * * LOW HITPOINT WARNING * * *
You are too injured to fight recklessly!
Unknown command.
Fire: 332 bolts
Press: ? - help, Q - select action, (/) - cycle Shift-Dir - straight line, f/p - efreet
Aim: an efreet, wielding a +4 scimitar of flaming (almost dead, 87% to hit)
You shoot a bolt. The bolt hits the vault guard.
The vault guard is lightly wounded.
The manticore is engulfed in blazing flames. x2
The manticore is engulfed in blazing flames.
The manticore dies!
The yaktaur shouts!
The vault guard hits you with a +0 great mace!
* * * LOW HITPOINT WARNING * * *
The frost giant shouts!
Fire: 331 bolts
Press: ? - help, Q - select action, (/) - cycle Shift-Dir - straight line, f/p - efreet
Aim: an efreet, wielding a +4 scimitar of flaming (severely wounded, 87% to hit)
You shoot a bolt.
The bolt closely misses the vault guard.
The bolt hits the efreet but does no damage.
The efreet is severely wounded.
You hear a shout!
The vault guard barely misses you.
Fire: 330 bolts
Press: ? - help, Q - select action, (/) - cycle Shift-Dir - straight line, f/p - efreet
Aim: an efreet, wielding a +4 scimitar of flaming (severely wounded, 87% to hit)
You shoot a bolt.
The bolt closely misses the vault guard.
The bolt hits the efreet!!!
You kill the efreet!
Okawaru accepts your kill. The vault guard completely misses you.
You hear the deafening beating of a drum very nearby.
Found a potion of cancellation.
The glowing orange brain turns its attention towards you.
The vault guard hits you with a +0 great mace!!
You die...

# ##..C###.°○....#......
###..°## #####.T....##
###...○## ##(..###.##
.....O.# ## ##p.##.....
#....C## )###.c##......
...T.#### ##.#..O.#...###.
.....##.###.##..W##c.##:##
#..........#)..#p#C..'}:=#
....#..........#@##..##:#
#.............##..#...###
...............#..##.....
.........##........##...
.........###.#.....G###.
.............###......##
.............# ##.......
.##.......#..### ...!.##
####......#....# ..


You could see a frost giant, 2 vault guards, a glowing orange brain, a centaur
warrior, a two-headed ogre, a yaktaur, a troll and a wraith.

Vanquished Creatures
  A boulder beetle (D:12)
  Harold (D:9)
  6 two-headed ogres
  3 centaur warriors
  A tengu warrior (D:13)
  Urug (D:12)
  2 skeletal warriors (D:11)
  Pikel (D:5)
  3 deep elf pyromancers
  3 ugly things
  An unseen horror (D:10)
  3 gargoyles
  A kobold demonologist (D:12)
  An efreet (D:13)
  3 meliai (D:12)
  A queen bee (D:12)
  Prince Ribbit (D:7)
  A troll (D:9)
  Grinder (D:5)
  8 yaks
  A shadow (D:12)
  A wyvern (D:9)
  2 wraiths
  2 vampire mosquitoes (D:10)
  3 wargs (D:10)
  Edmund (D:5)
  An acid dragon (D:12)
  Duvessa (D:4)
  4 water moccasins
  8 orc warriors
  A sky beast (D:7)
  2 black bears
  A hornet zombie (D:6)
  3 ice beasts
  3 necrophages
  7 ogres
  6 centaurs
  A lemure (D:5)
  5 kobold brigands
  4 bullfrogs
  2 gnoll sergeants
  A scorpion (D:4)
  A wyvern skeleton (D:5)
  A water moccasin skeleton (D:5)
  Dowan (D:4)
  25 killer bees
  4 wights (D:7)
  7 centaur zombies
  7 jellies
  A bullfrog zombie (D:5)
  5 hounds
  5 gnoll shamans
  12 orc priests
  2 centaur skeletons
  4 iguanas
  14 orc wizards
  A killer bee zombie (D:8)
  A howler monkey zombie (D:8)
  Robin (D:3)
  24 gnolls
  4 adders
  2 shadow imps
  An adder skeleton (D:4)
  2 dart slugs
  55 orcs
  5 ball pythons
  8 endoplasms
  4 giant cockroaches
  20 goblins
  6 hobgoblins
  2 jackals (D:1)
  19 kobolds
  A quokka (D:4)
  3 bats
  4 frilled lizards
  A rat (D:2)
356 creatures vanquished.

Vanquished Creatures (others)
  A manticore (D:13)
  6 fungi (D:11)
  6 plants (D:11)
13 creatures vanquished.

Grand Total: 369 creatures vanquished

Notes
Turn   | Place    | Note
-------+----------+-------------------------------------------
     0 | D:1      | crimpus the Minotaur Hunter began the quest for the Orb.
     0 | D:1      | Reached XP level 1. HP: 18/18 MP: 0/0
   410 | D:1      | Reached XP level 2. HP: 24/25 MP: 1/1
   644 | D:1      | Reached skill level 5 in Crossbows
   909 | D:1      | Found a faded altar of an unknown god.
  1121 | D:2      | Reached skill level 1 in Stealth
  1141 | D:2      | Reached XP level 3. HP: 30/30 MP: 2/2
  1156 | D:2      | Reached skill level 1 in Armour
  1716 | D:3      | Noticed Robin
  1743 | D:3      | Killed Robin
  1744 | D:3      | Reached XP level 4. HP: 21/38 MP: 3/3
  2032 | D:3      | Reached skill level 6 in Crossbows
  2097 | D:3      | Noticed a water moccasin
  2099 | D:3      | Killed a water moccasin
  2100 | D:3      | Reached XP level 5. HP: 45/45 MP: 4/4
  2139 | D:3      | Found a glowing golden altar of the Shining One.
  2142 | D:3      | Found an iron altar of Okawaru.
  2160 | D:3      | Became a worshipper of Warmaster Okawaru
  2338 | D:3      | Found a faded altar of an unknown god.
  2378 | D:3      | Noticed a necrophage
  2380 | D:3      | Killed a necrophage
  2381 | D:3      | Reached skill level 7 in Crossbows
  2381 | D:3      | Reached XP level 6. HP: 52/52 MP: 5/5
  2414 | D:4      | Found a stormy altar of Qazlal.
  2810 | D:4      | Reached * piety under Okawaru
  3030 | D:4      | Reached skill level 8 in Crossbows
  3068 | D:4      | Noticed Dowan
  3069 | D:4      | Noticed Duvessa
  3071 | D:4      | Killed Dowan
  3072 | D:4      | Reached XP level 7. HP: 60/60 MP: 6/6
  4022 | D:5      | Entered Level 5 of the Dungeon
  4034 | D:5      | Reached skill level 5 in Fighting
  4046 | D:4      | Reached skill level 9 in Crossbows
  4845 | D:4      | Killed Duvessa
  4845 | D:4      | Reached ** piety under Okawaru
  4846 | D:4      | Reached XP level 8. HP: 21/69 MP: 7/7
  5721 | D:5      | Reached skill level 10 in Crossbows
  5746 | D:5      | Noticed Edmund
  5757 | D:5      | Noticed Pikel
  5764 | D:5      | Killed Edmund
  5971 | D:6      | Found Moupsefu's Antique Weapon Shoppe.
  5980 | D:6      | Reached *** piety under Okawaru
  6218 | D:6      | Found an ancient bone altar of Kikubaaqudgha.
  6251 | D:6      | Reached XP level 9. HP: 78/78 MP: 8/8
  6400 | D:6      | Found Nosmu's Book Shoppe.
  6472 | D:6      | Found Joention's Antique Weapon Shop.
  6544 | D:6      | Received a gift from Okawaru
  6598 | D:6      | Reached skill level 11 in Crossbows
  6879 | D:5      | Found a staircase to the Ecumenical Temple.
  6927 | D:5      | Killed Pikel
  6927 | D:5      | Reached **** piety under Okawaru
  6967 | D:5      | Received a gift from Okawaru
  7054 | D:5      | Noticed Grinder
  7059 | D:5      | Paralysed by Grinder for 5 turns
  7065 | D:5      | Killed Grinder
  7121 | D:5      | Found Voseesmo's Self-Improvement Boutique.
  7165 | D:5      | Found a shimmering altar of Xom.
  7218 | D:5      | Received a gift from Okawaru
  7342 | D:5      | Reached skill level 12 in Crossbows
  7671 | D:6      | Bought an ancient arbalest for 247 gold pieces
  7671 | D:6      | Identified the +5 arbalest of Eternal Vigilance {vorpal,
                  | Stlth+} (You bought it in a shop on level 6 of the Dungeon)
  7806 | D:7      | Reached ***** piety under Okawaru
  7807 | D:7      | Reached skill level 5 in Armour
  7807 | D:7      | Reached XP level 10. HP: 91/91 MP: 9/9
  7838 | D:7      | Noticed Prince Ribbit
  7840 | D:7      | Killed Prince Ribbit
  7849 | D:7      | Received a gift from Okawaru
  7970 | D:7      | Noticed a two-headed ogre
  7977 | D:7      | Killed a two-headed ogre
  7978 | D:7      | Reached skill level 10 in Fighting
  8375 | D:7      | Reached skill level 13 in Crossbows
  8393 | D:7      | Found Zin's Purification Station.
  8393 | D:7      | Found a glowing silver altar of Zin.
  9412 | D:8      | Noticed a deep elf pyromancer
  9417 | D:8      | Killed a deep elf pyromancer
  9418 | D:8      | Reached skill level 5 in Dodging
  9605 | D:9      | Noticed Harold
  9609 | D:9      | Received a gift from Okawaru
 10047 | D:9      | Received a gift from Okawaru
 10278 | D:9      | Killed Harold
 10279 | D:9      | Reached skill level 14 in Crossbows
 10279 | D:9      | Reached skill level 1 in Shields
 10279 | D:9      | Reached XP level 11. HP: 98/102 MP: 10/10
 10442 | D:9      | Found a burning altar of Makhleb.
 10503 | D:9      | Found a sacrificial altar of Ru.
 10586 | D:10     | Entered Level 10 of the Dungeon
 10631 | D:10     | Noticed a two-headed ogre
 10636 | D:10     | Killed a two-headed ogre
 10636 | D:10     | Received a gift from Okawaru
 10674 | D:10     | Received a gift from Okawaru
 11077 | D:10     | Found a staircase to the Lair.
 11115 | D:10     | Found the ring of the Octopus King {AC+1 EV+1 Str+1 Int+1
                  | Dex+1 SInv}
 11143 | D:10     | Noticed a two-headed ogre
 11146 | D:10     | Killed a two-headed ogre
 11308 | D:10     | Found a bloodstained altar of Trog.
 11375 | D:10     | Found a broken altar of Ashenzari.
 11448 | D:10     | Found a sparkling altar of Nemelex Xobeh.
 11513 | D:10     | Found a portal to a secret trove of treasure.
 11563 | D:10     | Reached skill level 15 in Crossbows
 11565 | D:10     | Received a gift from Okawaru
 12053 | D:11     | Noticed a red ugly thing
 12061 | D:11     | Killed a red ugly thing
 12548 | D:11     | Noticed a two-headed ogre
 12558 | D:11     | Killed a two-headed ogre
 12734 | D:11     | Received a gift from Okawaru
 12832 | D:11     | Received a gift from Okawaru
 13057 | D:11     | Found a staircase to the Orcish Mines.
 13143 | D:11     | Noticed a skeletal warrior
 13145 | D:11     | Noticed a skeletal warrior
 13146 | D:11     | Killed a skeletal warrior
 13146 | D:11     | Received a gift from Okawaru
 13147 | D:11     | Noticed a skeletal warrior
 13595 | D:11     | Killed a skeletal warrior
 13596 | D:11     | Reached skill level 16 in Crossbows
 13648 | D:11     | Reached XP level 12. HP: 112/113 MP: 11/11
 14624 | D:12     | Noticed a two-headed ogre
 14631 | D:12     | Killed a two-headed ogre
 14650 | D:12     | Noticed a boulder beetle
 14657 | D:12     | Killed a boulder beetle
 14880 | D:12     | Identified the +0 helmet "Cogem" {rPois Str+4 Dex-2}
 14912 | D:12     | Noticed a centaur warrior
 14914 | D:12     | Killed a centaur warrior
 14914 | D:12     | Reached ****** piety under Okawaru
 15069 | D:12     | Noticed Urug
 15071 | D:12     | Killed Urug
 15071 | D:12     | Identified the +4 arbalest of the Ring {flame, rF+ rC+
                  | Str+3} (Okawaru gifted it to you on level 12 of the
                  | Dungeon)
 15071 | D:12     | Received a gift from Okawaru
 15084 | D:12     | Found a runed translucent gate.
 15084 | D:12     | Found a runed translucent gate.
 15085 | D:12     | Found a runed translucent gate.
 15085 | D:12     | Noticed a naga warrior
 15085 | D:12     | Noticed a centaur warrior
 15085 | D:12     | Noticed a centaur warrior
 15086 | D:12     | Noticed a naga warrior
 15086 | D:12     | Noticed issech's ghost (journeyman TrMo)
 15088 | D:12     | Noticed a tengu warrior
 15143 | D:12     | Reached skill level 1 in Invocations
 15325 | D:12     | Reached skill level 17 in Crossbows
 15827 | D:12     | Noticed a two-headed ogre
 15828 | D:12     | Killed a two-headed ogre
 16441 | D:12     | Received a gift from Okawaru
 16527 | D:12     | Found an iron altar of Okawaru.
 16568 | D:13     | Noticed a centaur warrior
 16570 | D:13     | Killed a centaur warrior
 16788 | D:13     | Noticed an ettin
 16790 | D:13     | Noticed a centaur warrior
 16791 | D:13     | Noticed a frost giant
 16795 | D:13     | Noticed a fire dragon
 16797 | D:13     | Noticed a tengu warrior
 16808 | D:13     | Noticed a centaur warrior
 16811 | D:13     | Killed a centaur warrior
 16836 | D:13     | Killed a tengu warrior
 17047 | D:13     | Found a gate to the Vaults.
 17047 | D:13     | Noticed a vault guard
 17047 | D:13     | Noticed a vault guard
 17047 | D:13     | Noticed a vault guard
 17047 | D:13     | Noticed a vault guard
 17047 | D:13     | Noticed a centaur warrior
 17047 | D:13     | Noticed a boulder beetle
 17047 | D:13     | Noticed a centaur warrior
 17056 | D:13     | Noticed a two-headed ogre
 17091 | D:13     | Mangled by a vault guard

Illustrated notes

Levels and vault maps discovered:
D:1:      arrival_zaba_pyramid, layout_loops_corners,
          ebering_ecumenical_altar_hall, minmay_misc_feat_roman
D:2:      layout_loops_ring
D:3:      layout_basic, chequers_temple_overflow_statue_of_worship,
          nicolae_overflow_ecumenical_swirl, uniq_robin
D:4:      layout_loops_corners, grunt_qazlal_clouds, eino_tiny_chamber,
          uniq_duvessa
D:5:      minmay_inner_zag, layout_rooms, amcnicky_altar_gilded,
          minmay_temple_entry_from_below_b, amethyst_killhole,
          nicolae_shop_self_help, uniq_grinder, uniq_pikel, uniq_edmund
D:6:      layout_basic, mainiacjoe_overflow_alcove_1, serial_shops,
          nicolae_square_shop, shop_fountains, shop
D:7:      layout_basic, zin_purify, kennysheep_nub, uniq_prince_ribbit1
D:8:      layout_loops_corners
D:9:      layout_cave_pools, nicolae_overflow_hidden_temple,
          lightli_temple_of_fire, uniq_harold
D:10:     layout_basic, mainiacjoe_overflow_alcove_2,
          cheibrodos_ashenzari_chains, kennysheep_little_box,
          erik_lair_orcish_takeover, nicolae_trove_entry_columns
D:11:     kennysheep_seaside_town, layout_grid_maze, hiddenorc2_lemuel
D:12:     layout_roguey, gammafunk_ghost_fury_of_okawaru, special_room
          [special_room_bee], fungi_pond_lemuel, uniq_urug
D:13:     layout_layer_cave, lightli_vaults_fourway_checkpoint,
          gauntlet_entry_generic, portal_ice_cave_entry_pillars_2,
          minmay_checkered_concentric_circles

Skill      XL: |  1  2  3  4  5  6  7  8  9 10 11 12 |
---------------+-------------------------------------+-----
Crossbows      | 5 6 7 8 9 10 12 14 16 17 | 17.6
Stealth        | 1 2 3 |  3.9
Armour         | 1 2 3 4 5 6 |  6.0
Fighting       | 3 4 5 6 9 11 12 13 | 13.3
Dodging        | 3 4 5 6 7 |  7.7
Shields        | 1 2 3 |  3.3
Invocations    | 2 |  2.2

Action                   |  1- 3 |  4- 6 |  7- 9 | 10-12 || total
-------------------------+-------+-------+-------+-------++-------
Melee: Arbalest          |       |       |       |     4 ||     4
       Headbutt          |       |       |       |     1 ||     1
 Fire: Hand crossbow     |    91 |    80 |   264 |       ||   435
       Arbalest          |       |       |    12 |   339 ||   351
       Triple crossbow   |       |       |       |   131 ||   131
  Use: Scroll            |     4 |     2 |     5 |    15 ||    26
       Potion            |       |     2 |     1 |    14 ||    17
Armor: Leather armour    |    16 |     9 |    26 |    87 ||   138
       Skin              |       |       |       |     2 ||     2
Dodge: Dodged            |    24 |    20 |    76 |   183 ||   303
Block: Other             |       |       |     6 |    57 ||    63
       Reflection        |       |       |       |     2 ||     2
